 Dungeon Crawl Stone Soup version 0.28-a0-1404-g4df0f3684d (webtiles) character file.

Game seed: 3516861009491626712

52 southernslant the Poker (level 3, -1/28 HPs)
             Began as a Demonspawn Gladiator on Jan 6, 2022.
             Slain by an adder (2 damage)
             ... on level 2 of the Dungeon.
             The game lasted 00:02:17 (1032 turns).

southernslant the Poker (Demonspawn Gladiator)      Turns: 1032, Time: 00:02:17

Health: -1/28      AC:  4    Str: 16    XL:     3   Next: 60%
Magic:  3/3        EV: 12    Int:  9    God:
Gold:   28         SH:  0    Dex: 16    Spells: 2/2 levels left

rFire   . . .      SeeInvis .   a - +0 trident
rCold   . . .      Faith    .   (no shield)
rNeg    . . .      Spirit   .   b - +0 leather armour
rPois   .          Reflect  .   c - +0 helmet
rElec   .          Harm     .   (no cloak)
rCorr   .          Rampage  .   (no gloves)
Will    .....                   (no boots)
Stlth   ++........              (no amulet)
HPRegen 0.09/turn               (no ring)
MPRegen 0.08/turn               (no ring)

@: lethally poisoned (-1 -> -5)
A: thin skeletal structure 1
a: no special abilities


You were on level 2 of the Dungeon.
You visited 1 branch of the dungeon, and saw 2 of its levels.

You collected 28 gold pieces.

Inventory:

Hand Weapons
 a - a +0 trident (weapon)
Missiles
 d - 4 throwing nets
 e - 20 stones (quivered)
Armour
 b - a +0 leather armour (worn)
 c - a +0 helmet (worn)
 f - an orb of wrath
Scrolls
 g - a scroll of vulnerability {unknown}
 h - a scroll of identify {unknown}
Potions
 i - a potion of degeneration {unknown}


   Skills:
 * Level 2.8 Fighting
 + Level 2.9 Polearms
 + Level 2.1 Throwing
 * Level 1.3 Armour
 + Level 2.9 Dodging


You had 2 spell levels left.
You didn't know any spells.
Your spell library was empty.

Dungeon Overview and Level Annotations

Branches:
Dungeon (2/15)

Altars:


Innate Abilities, Weirdness & Mutations

You have a somewhat thin skeletal structure. (Dex +2, Stealth+)


Message History

The adder poisons you!
You hit the adder.
The adder is severely wounded.
You feel sick. The adder bites you.
You are more poisoned.
The adder poisons you!
You hit the adder.
The adder is almost dead.
You feel sick. The adder misses you. The adder bites you.
You are more poisoned.
The adder poisons you!
You miss the adder.
The adder is almost dead.
You feel very sick. The adder bites you.
You are lethally poisoned!
The adder poisons you!
You miss the adder.
The adder is almost dead.
* * * LOW HITPOINT WARNING * * *
You feel very sick. The adder bites you.
* * * LOW HITPOINT WARNING * * *
The adder barely misses you.
You barely miss the adder.
The adder is almost dead.
* * * LOW HITPOINT WARNING * * *
You feel very sick. The adder barely misses you.
You hit the adder but do no damage. Your punch misses the adder.
The adder is almost dead.
* * * LOW HITPOINT WARNING * * *
You feel sick. The adder barely misses you. The adder closely misses you.
Drop what? 9/52 slots (_ for help) (? for menu, Esc to quit)
Okay, then.
You barely miss the adder.
The adder is almost dead.
* * * LOW HITPOINT WARNING * * *
You feel sick. The adder bites you.
You die...

..###..#.#.#
#..#..#)##.# #########
.#...#.#.#.# #.......#
###.######.# #...!...#
#......รท.###.......#
#..........'.......#
###.##########......)#
.......# #.!.....#
###>##.# #..@S...#
####.# #.......... #.#
####+##.... #.# ...
#.# .. #.# #.# #.# ###
#.##########.


You could see an adder.

Vanquished Creatures
  2 adders (D:2)
  3 dart slugs
  3 ball pythons (D:1)
  3 bats
  An endoplasm (D:1)
  5 hobgoblins
  A kobold (D:2)
  2 quokkas
  3 frilled lizards
  A goblin (D:1)
  4 rats
28 creatures vanquished.

Notes
Turn   | Place    | Note
-------+----------+-------------------------------------------
     0 | D:1      | southernslant the Demonspawn Gladiator began the quest for
                  | the Orb.
     0 | D:1      | Reached XP level 1. HP: 16/16 MP: 1/1
   142 | D:1      | Gained mutation: You have a somewhat thin skeletal
                  | structure. (Dex +2, Stealth+) [demonic ancestry]
   142 | D:1      | Reached XP level 2. HP: 15/22 MP: 2/2
   631 | D:1      | Reached skill level 1 in Armour
   829 | D:2      | Reached XP level 3. HP: 24/28 MP: 3/3
  1032 | D:2      | HP: 1/28 [poisoned by an adder]
  1032 | D:2      | Slain by an adder

Illustrated notes

Levels and vault maps discovered:
D:1:      psy_arrival_whirlpool, layout_basic
D:2:      minmay_diamond_boxcup, layout_basic

Skill      XL: |  1  2 |
---------------+-------+-----
Throwing       | 2 |  2.1
Armour         | 1 |  1.3
Fighting       | |  2.8
Polearms       | |  2.9
Dodging        | |  2.9

Action                   || total
-------------------------++-------
Melee: Trident           ||    62
Throw: Stone             ||     3
 Stab: Sleeping          ||     9
Armor: Leather armour    ||    10
Dodge: Dodged            ||    15

Table legend: (Time is in decaauts)
 A = Elapsed time spent in this place.
 B = Non-inter-level travel time spent in this place.
 C = Inter-level travel time spent in this place.
 D = Time resting spent in this place.
 E = Time spent auto-exploring this place.
 F = Levels seen in this place.
 G = Mean time per level.
                   A        B        C        D        E       F      G
               +--------+--------+--------+--------+--------+-----+--------+
         Total |   1042 |   1042 |      0 |      0 |    862 |   2 |  521.0 |
       Dungeon |   1042 |   1042 |      0 |      0 |    862 |   2 |  521.0 |
               +--------+--------+--------+--------+--------+-----+--------+

Top non-repeatable levels by time:
     D:1: 762 daAuts
     D:2: 280 daAuts
